Map: Para Site LE

Players

Lambo - Winner!

  • Race: Zerg Zerg
  • League: Grandmaster
  • Spawn Location: 5:00

llllllllllll

  • Race: Zerg Zerg
  • League: Master
  • Spawn Location: 11:00

VOD

Have the link to the VOD?

Description

Time

  • Played on: Dec. 20, 2018, 11:45 a.m.
  • Length: 17:46
Show
View Real Time Build Order
Export as new Build Order

Lambo Zerg - Winner!

Build Orders: Hatch First 

Get SALT Encoding   

  12  0:00  Drone  
  13  0:12  Overlord  
  13  0:16  Drone  
  14  0:30  Drone x2  
  16  0:47  Hatchery  
  15  0:50  Drone  
  15  0:54  Drone  
  17  0:57  Drone  
  18  1:08  Extractor  
  17  1:12  Spawning Pool  
  17  1:15  Drone  
  17  1:18  Drone  
  18  1:28  Drone  
  19  1:40  Drone  
  20  1:50  Drone  
  21  1:58  Queen x2, Drone  
  21  2:00  Overlord  
  26  2:08  Metabolic Boost  
  26  2:10  Drone  
  26  2:11  Zergling x2  
  28  2:20  Drone  
  28  2:22  Drone  
  30  2:32  Hatchery  
  30  2:33  Zergling x2  
  30  2:41  Zergling x2  
  31  2:47  Baneling Nest  
  31  2:48  Overlord  
  30  2:56  Drone x2  
  30  2:57  Overlord  
  32  3:03  Drone  
  32  3:05  Drone  
  34  3:07  Drone x2  
  34  3:08  Zergling x2  
  37  3:14  Drone  
  37  3:18  Drone x2  
  39  3:24  Drone  
  40  3:32  Baneling x2  
  41  3:34  Drone  
  41  3:36  Queen, Evolution Chamber  
  41  3:41  Drone x4  
  44  3:43  Drone x3  
  44  3:47  Drone x2  
  51  3:49  Drone  
  51  3:52  Overlord  
  51  3:53  Drone  
  53  3:56  Overlord  
  53  4:00  Drone  
  53  4:01  Drone  
  53  4:02  Extractor  
  53  4:05  Zerg Missile Weapons Level 1  
  53  4:06  Extractor  
  53  4:08  Zergling x2  
  53  4:11  Drone x2  
  53  4:13  Drone  
  56  4:17  Drone  
  56  4:18  Drone x2  
  56  4:22  Overlord  
  56  4:23  Drone x2  
  61  4:26  Drone  
  62  4:31  Drone x2  
  62  4:34  Lair  
  62  4:36  Drone  
  65  4:38  Drone x2  
  65  4:40  Roach Warren  
  65  4:41  Drone  
  65  4:43  Drone x2  
  65  4:44  Drone  
  70  4:46  Drone  
  70  4:48  Drone x2  
  70  4:50  Drone  
  70  4:52  Drone x2  
  76  4:55  Drone x2  
  76  4:59  Extractor  
  76  5:00  Extractor, Pneumatized Carapace  
  76  5:01  Extractor  
  76  5:05  Drone x3  
  77  5:13  Overlord x2  
  77  5:17  Overlord  
  77  5:18  Overlord  
  77  5:22  Overlord  
  77  5:32  Overlord x2  
  77  5:36  Roach x7  
  77  5:39  Hatchery  
  77  5:40  Overseer  
  77  5:41  Overlord  
  89  5:43  Roach  
  89  5:46  Zergling x2  
  92  5:53  Overlord  
  92  5:54  Overlord  
  92  5:56  Overlord  
  92  5:57  Overlord  
  92  5:58  Roach x3, Evolution Chamber  
  92  5:59  Roach  
  92  6:01  Zerg Missile Weapons Level 2  
  99  6:05  Glial Reconstitution  
  99  6:07  Roach x2  
  103  6:14  Roach x4  
  103  6:18  Baneling x3  
  111  6:19  Baneling  
  111  6:24  Zerg Ground Armor Level 1  
  113  6:25  Roach  
  113  6:26  Roach x2  
  113  6:29  Overlord  
  113  6:31  Roach, Drone  
  113  6:32  Roach  
  122  6:34  Ravager x2  
  124  6:40  Queen  
  124  6:41  Roach x3  
  124  6:42  Roach  
  124  6:43  Overlord  
  124  6:46  Roach  
  136  6:52  Roach x4  
  144  6:55  Roach x2  
  144  7:00  Roach x3  
  154  7:02  Overlord  
  154  7:06  Overlord  
  154  7:07  Overlord  
  152  7:13  Roach x4  
  160  7:21  Roach x4  
  166  7:26  Roach x3  
  166  7:27  Ravager x3  
  175  7:30  Overlord  
  175  7:31  Roach  
  175  7:36  Roach x4  
  185  7:38  Overseer  
  185  7:39  Roach  
  187  7:45  Roach x3  
  187  7:46  Roach  
  187  7:48  Roach  
  197  7:58  Roach  
  193  8:06  Roach  
  193  8:07  Roach x4  
  193  8:09  Roach  
  193  8:10  Roach x5  
  200  8:19  Roach  
  200  8:20  Overlord  
  200  8:26  Roach x3  
  185  8:30  Roach x7  
  183  8:36  Roach  
  179  8:46  Roach x3  
  179  8:47  Ravager x2  
  181  8:50  Roach, Hatchery  
  181  8:53  Roach  
  181  8:55  Ravager  
  185  9:01  Roach x2  
  189  9:03  Ravager  
  189  9:05  Roach  
  189  9:08  Roach  
  194  9:14  Roach x2  
  198  9:21  Roach  
  198  9:23  Overlord  
  200  9:29  Roach  
  200  9:30  Roach x2  
  194  9:32  Roach  
  194  9:33  Roach x5  
  194  9:37  Roach  
  192  9:40  Roach  
  190  9:47  Roach x3  
  190  9:50  Roach  
  190  9:51  Roach x8  
  190  9:59  Roach  
  171  10:04  Roach x3  
  170  10:08  Roach  
  170  10:13  Roach x3  
  178  10:15  Queen  
  178  10:20  Overlord  
  178  10:21  Roach  
  182  10:25  Ravager x6  
  188  10:28  Roach  
  188  10:29  Roach x2, Hatchery  
  188  10:32  Overlord  
  188  10:34  Roach x2  
  197  10:45  Roach  
  199  10:50  Overlord  
  199  10:54  Overlord  
  199  11:03  Roach x3  
  199  11:10  Roach  
  199  11:13  Overseer  
  199  11:17  Ravager, Burrow  
  199  11:18  Tunneling Claws  
  200  11:20  Overlord  
  200  11:29  Roach  
  200  11:30  Roach  
  200  11:39  Overlord  
  194  11:40  Overlord  
  184  11:47  Roach x8  
  184  11:48  Roach  
  184  11:50  Roach x2  
  184  11:52  Roach x4  
  194  11:56  Roach x4  
  194  11:57  Roach  
  194  12:00  Roach  
  191  12:14  Roach x5  
  199  12:18  Roach  
  199  12:21  Roach x3  
  199  12:34  Roach  
  199  12:35  Roach x2  
  199  12:48  Roach x8  
  191  13:00  Roach x7  
  191  13:03  Roach x9  
  191  13:05  Roach x11  
  196  13:11  Roach x7  
  194  13:17  Roach x2  
  198  13:22  Roach x2  
  198  13:25  Roach x3  
  196  13:27  Ravager x3  
  199  13:34  Overseer x3  
  199  13:37  Overlord  
  199  13:39  Hatchery  
  198  13:43  Overlord  
  198  13:47  Roach  
  200  13:49  Roach Warren, Overlord  
  193  13:59  Extractor  
  193  14:00  Extractor  
  193  14:01  Spire  
  175  14:15  Roach x19  
  129  14:33  Roach x27  
  129  14:38  Queen  
  180  14:42  Queen  
  184  14:45  Roach  
  184  14:46  Roach x3  
  184  14:50  Roach x19  
  187  15:06  Ravager x8  
  187  15:07  Ravager x2  
  197  15:21  Roach x3  
  197  15:25  Roach x13  
  197  15:27  Roach x5  
  197  15:32  Roach x3  
  190  15:36  Roach x5  
  200  15:46  Roach x3  
  190  15:53  Roach x5  
  175  16:07  Mutalisk x4  
  177  16:12  Mutalisk  
  174  16:19  Mutalisk  
  176  16:26  Drone x4  
  176  16:29  Mutalisk, Drone x2  
  184  16:34  Mutalisk  
  186  16:42  Mutalisk x2  
  190  16:50  Roach x3  
  165  17:05  Roach x5  
  146  17:17  Roach x5  
  156  17:26  Roach x2  
Show
View Real Time Build Order
Export as new Build Order

llllllllllll Zerg 

Build Orders: Hatch First 

Get SALT Encoding   

  12  0:00  Drone  
  13  0:12  Overlord  
  13  0:17  Drone  
  14  0:30  Drone x2  
  16  0:36  Drone  
  17  0:51  Hatchery  
  17  0:55  Drone  
  17  0:59  Drone  
  18  1:09  Extractor  
  17  1:15  Spawning Pool  
  17  1:17  Drone  
  17  1:20  Drone  
  18  1:29  Drone  
  19  1:38  Drone  
  20  1:49  Overlord  
  20  2:04  Queen x2  
  20  2:05  Zergling x4  
  26  2:09  Metabolic Boost  
  26  2:11  Drone  
  26  2:14  Drone  
  28  2:21  Drone  
  29  2:33  Drone  
  30  2:38  Drone  
  30  2:41  Hatchery, Drone  
  31  2:47  Queen  
  33  2:54  Overlord  
  33  2:56  Drone  
  33  2:57  Drone  
  35  3:00  Drone  
  35  3:05  Overlord  
  36  3:19  Queen, Drone x2  
  40  3:22  Zergling x4  
  40  3:24  Overlord  
  40  3:26  Drone  
  43  3:32  Queen  
  43  3:33  Drone  
  46  3:36  Drone  
  46  3:39  Overlord  
  47  3:45  Drone  
  47  3:46  Evolution Chamber  
  47  3:49  Drone  
  47  3:51  Drone x3  
  47  3:53  Drone  
  51  3:58  Overlord  
  51  3:59  Drone  
  51  4:01  Drone  
  53  4:04  Drone x2  
  53  4:05  Drone  
  56  4:13  Zerg Missile Weapons Level 1  
  56  4:18  Drone x2  
  56  4:20  Roach Warren  
  57  4:28  Drone x4  
  61  4:31  Extractor  
  61  4:33  Lair, Extractor  
  61  4:34  Drone x4  
  63  4:38  Overlord  
  63  4:39  Drone  
  63  4:40  Drone  
  63  4:42  Drone  
  66  4:46  Drone x3  
  66  4:47  Drone  
  66  4:51  Overlord  
  71  4:52  Drone  
  71  4:53  Drone  
  71  4:54  Drone  
  71  4:59  Overlord  
  73  5:00  Drone  
  73  5:06  Extractor  
  73  5:07  Extractor  
  73  5:08  Evolution Chamber, Drone x5  
  73  5:10  Drone x2  
  78  5:16  Overlord  
  78  5:25  Drone x4  
  78  5:26  Drone x2  
  78  5:27  Extractor  
  83  5:33  Roach x2  
  83  5:34  Roach  
  89  5:35  Glial Reconstitution  
  86  5:43  Hatchery  
  86  5:44  Roach x6  
  86  5:45  Overseer  
  97  5:56  Roach x5  
  107  6:00  Overlord  
  107  6:01  Roach  
  107  6:02  Zerg Ground Armor Level 1  
  109  6:05  Roach  
  109  6:06  Overlord  
  109  6:07  Roach  
  113  6:11  Zerg Missile Weapons Level 2  
  113  6:18  Overlord  
  113  6:20  Roach  
  113  6:21  Roach x3  
  113  6:22  Overlord  
  121  6:30  Overlord  
  121  6:36  Overlord  
  121  6:39  Roach x4  
  129  6:42  Overlord  
  129  6:44  Roach  
  129  6:45  Roach x3  
  129  6:46  Overlord  
  137  6:53  Roach x4  
  145  6:59  Roach x4  
  153  7:07  Roach x2  
  153  7:08  Roach, Ravager x2  
  161  7:09  Ravager x2  
  161  7:10  Roach x2  
  161  7:11  Roach  
  161  7:14  Roach x2  
  173  7:18  Drone x6  
  173  7:21  Drone x2  
  170  7:28  Ravager x3  
  173  7:30  Roach  
  173  7:32  Overlord x2  
  173  7:33  Overlord  
  175  7:38  Drone  
  175  7:42  Spore Crawler  
  175  7:48  Overlord  
  175  7:53  Roach x4  
  175  7:54  Roach x4  
  175  7:56  Ravager x2  
  173  8:13  Roach  
  173  8:14  Roach x10  
  173  8:17  Drone  
  173  8:18  Drone x2  
  189  8:21  Drone x2  
  176  8:31  Roach x4  
  166  8:39  Drone  
  166  8:40  Drone x5  
  169  8:47  Ravager x2  
  171  8:50  Drone x3  
  171  8:51  Drone  
  171  8:53  Ravager  
  171  8:54  Ravager  
  177  8:56  Roach  
  177  8:58  Extractor  
  177  9:01  Roach  
  182  9:05  Spine Crawler  
  182  9:09  Roach x3  
  175  9:19  Roach x5  
  175  9:23  Roach x2  
  169  9:27  Roach x2  
  169  9:31  Roach x2  
  167  9:39  Roach x4  
  165  9:52  Roach x2  
  145  9:53  Roach x5  
  145  9:55  Roach  
  137  10:01  Roach x2  
  137  10:02  Roach  
  137  10:03  Drone x7  
  150  10:13  Roach x5  
  150  10:14  Roach  
  158  10:16  Drone x2  
  158  10:17  Queen  
  158  10:20  Roach x3  
  168  10:24  Roach  
  168  10:26  Ravager  
  171  10:31  Roach x2  
  171  10:35  Roach  
  177  10:37  Roach, Overseer  
  177  10:40  Roach x2  
  183  10:45  Overlord  
  183  10:53  Overlord  
  183  10:55  Burrow  
  183  10:56  Overseer x2  
  171  11:09  Roach x12  
  191  11:17  Roach  
  195  11:18  Roach x3  
  199  11:28  Overlord  
  199  11:32  Roach  
  193  11:55  Roach x3  
  195  12:05  Tunneling Claws  
  195  12:06  Zerg Ground Armor Level 2  
  193  12:11  Roach x22  
  193  12:15  Roach x8  
  199  12:21  Roach x6  
  197  12:25  Roach  
  197  12:35  Roach  
  197  12:36  Roach x9  
  199  12:39  Roach x4  
  199  12:48  Overseer x2  
  174  13:07  Roach  
  174  13:08  Roach x12  
  194  13:20  Roach x6  
  194  13:24  Roach x19  
  197  13:27  Roach  
  197  13:29  Hatchery  
  197  13:30  Pneumatized Carapace  
  198  13:36  Roach  
  194  13:45  Roach x2  
  192  13:51  Roach x32  
  183  13:56  Roach x9  
  183  13:57  Roach x7  
  183  14:12  Roach  
  183  14:13  Roach x5  
  163  14:17  Roach x2  
  163  14:23  Roach  
  148  14:26  Ravager x7  
  148  14:27  Ravager  
  148  14:29  Roach x2  
  158  14:34  Roach x6  
  158  14:35  Roach x2  
  158  14:37  Ravager x4  
  162  14:38  Roach x4  
  162  14:46  Roach x2  
  162  14:51  Overlord, Roach, Spine Crawler  
  162  14:52  Roach x6  
  179  14:54  Spine Crawler  
  176  15:00  Roach x4, Extractor  
  176  15:01  Roach  
  183  15:12  Roach  
  183  15:13  Roach x4  
  191  15:26  Roach x4  
  183  15:42  Roach  
  183  15:43  Roach x5  
  185  15:55  Roach  
  185  15:56  Roach x3  
  177  16:05  Roach x3  
  177  16:09  Roach x2  
  183  16:12  Roach x2  
  183  16:13  Roach x13  
  174  16:23  Ravager  
  174  16:24  Ravager x11  
  186  16:27  Roach  
  186  16:34  Roach x3  
  159  17:03  Roach  
  159  17:05  Roach x3  
  159  17:06  Roach  
  144  17:08  Roach x7  
  144  17:12  Hydralisk Den  
  125  17:30  Spore Crawler  
Tags
 
Add a new tag
Caveats
  • Supply blocks, unpowered buildings, or Contaminate may cause inaccurate times.
  • Supply counts are checked every 10 seconds.